 Dungeon Crawl Stone Soup version 0.29.1 (webtiles) character file.

Game seed: 7810742476899841257

723 Icepheonix32 the Trooper (level 7, -5/64 HPs)
             Began as a Minotaur Fighter on Sept 13, 2022.
             Killed by nerve-wracking pain
             ... invoked by an orc priest
              (8 damage)
             ... on level 5 of the Dungeon.
             The game lasted 00:03:32 (4936 turns).

Icepheonix32 the Trooper (Minotaur Fighter)         Turns: 4936, Time: 00:03:33

Health: -5/64      AC: 12    Str: 23    XL:     7   Next: 43%
Magic:  6/6        EV: 10    Int:  5    God:
Gold:   282        SH:  4    Dex:  9    Spells: 6/6 levels left

rFire   . . .      SeeInvis .   a - +0 war axe
rCold   . . .      Faith    .   c - +0 buckler
rNeg    . . .      Spirit   .   b - +0 scale mail
rPois   .          Reflect  .   (helmet restricted)
rElec   .          Harm     .   h - scarf {repulsion}
rCorr   .          Rampage  .   f - +0 pair of gloves
Will    .....                   w - +2 pair of boots
Stlth   ..........              (no amulet)
HPRegen 0.20/turn               (no ring)
MPRegen 0.10/turn               (no ring)

@: mighty, repel missiles
A: horns 2, retaliatory headbutt
a: no special abilities


You were on level 5 of the Dungeon.
You visited 1 branch of the dungeon, and saw 5 of its levels.

You collected 282 gold pieces.

Inventory:

Hand Weapons
 a - a +0 war axe (weapon)
Missiles
 o - 2 throwing nets (quivered)
Armour
 b - a +0 scale mail (worn)
 c - a +0 buckler (worn)
 f - a +0 pair of gloves (worn)
 h - a scarf of repulsion (worn)
 j - a +0 chain mail
 w - a +2 pair of boots (worn)
Jewellery
 m - an amulet of faith
Scrolls
 e - 2 scrolls of blinking
 i - a scroll of amnesia {unknown}
 k - 2 scrolls of fear {unknown}
 n - 4 scrolls of teleportation {unknown}
 p - a scroll of immolation {unknown}
 q - 2 scrolls of vulnerability {unknown}
 r - a scroll of enchant weapon {unknown}
 t - 4 scrolls of identify {unknown}
 u - a scroll of magic mapping {unknown}
Potions
 d - a potion of might
 g - 3 potions of degeneration {unknown}
 l - 2 potions of curing {unknown}
 s - a potion of lignification {unknown}
 v - a potion of heal wounds {unknown}
 x - a potion of resistance {unknown}
 z - a potion of berserk rage {unknown}


   Skills:
 * Level 6.5 Fighting
 + Level 6.3 Axes
 + Level 5.7 Armour
 + Level 1.4 Dodging
 + Level 0.2 Stealth
 + Level 4.5 Shields


You had 6 spell levels left.
You didn't know any spells.
Your spell library contained the following spells:

 Spells                   Type           Power      Damage    Failure   Level
 Beastly Appendage        Tmut           0%         N/A       86%         1
 Freeze                   Ice            0%         1d3       86%         1
 Summon Small Mammal      Summ           0%         N/A       86%         1
 Sublimation of Blood     Necr           0%         N/A       94%         2
 Wereblood                Tmut           0%         N/A       94%         2
 Call Canine Familiar     Summ           0%         N/A       99%         3
 Frozen Ramparts          Ice            0%         1d1       99%         3
 Ozocubu's Armour         Ice            0%         N/A       99%         3
 Spider Form              Tmut/Pois      0%         N/A       99%         3
 Summon Guardian Golem    Hex/Summ       0%         N/A       99%         3
 Animate Dead             Necr           0%         N/A       100%        4
 Hailstorm                Conj/Ice       0%         3d3       100%        4
 Borgnjor's Vile Clutch   Necr/Erth      0%         N/A       100%        5
 Metabolic Englaciation   Hex/Ice        0%         N/A       100%        5
 Death Channel            Necr           0%         N/A       100%        6
 Simulacrum               Ice/Necr       0%         N/A       100%        6
 Summon Hydra             Summ           0%         N/A       100%        7


Dungeon Overview and Level Annotations

Branches:
Dungeon (5/15)
 Temple: D:4-7

Altars:
Dithmenos
Zin
The Shining One


Innate Abilities, Weirdness & Mutations

You have a pair of horns on your head.
You reflexively headbutt those who attack you in melee.


Message History

You hit the quokka. Your headbutt misses the quokka.
The quokka is severely wounded.
The quokka barely misses you.
You feel very mighty all of a sudden. The quokka closely misses you.
The quokka bites you.
You barely miss the quokka. You headbutt the quokka.
The quokka is almost dead.
The quokka barely misses you. You furiously retaliate!
You headbutt the quokka!!
You kill the quokka!
The orc priest mumbles some strange prayers to Beogh against you.
Pain shoots through your body!
You slash the necrophage!
The necrophage is severely damaged.
You are no longer corroded.
An orc comes into view. It is wielding a +0 mace.
The necrophage hits you.
You feel drained.
You slash the necrophage!
You destroy the necrophage!
Your life force feels restored.
You slice the ice beast!! You headbutt the ice beast.
You kill the ice beast!
The orc priest invokes the aid of Beogh against you.
Beogh smites you!
* * * LOW HITPOINT WARNING * * *
You closely miss the orc. You headbutt the orc!
You kill the orc!
The scorpion closely misses you.
You slash the scorpion!
The scorpion is severely wounded.
You block the scorpion's attack.
You slice the scorpion!!
You kill the scorpion!
The orc priest invokes the aid of Beogh against you.
Beogh smites you!
* * * LOW HITPOINT WARNING * * *
Your Axes skill increases to level 6!
The orc priest mumbles some strange prayers to Beogh against you.
Pain shoots through your body!
You die...

##.#..#.##
#.........#..
##.#..#.##
#....)....#..
##.#..#.##
#............
##.#..#.##
#.........#..
##.#..#.##
##.########..
##.#..#.##. #.# #..
##.#..#.##..# #.# #..
#......###...### #.#
#..
#+#.#..#.###o@.####.#
#..
###.#..#.###...##.#
#.. ###.#..#.###.##.#
### ###.#..#.#'#..#
###.#..#.#.#
###.#....# ###..###
####


You could see an orc priest.

Vanquished Creatures
  A black bear (D:4)
  An ice beast (D:5)
  An ogre (D:5)
  A necrophage (D:5)
  A scorpion (D:5)
  A jelly (D:5)
  3 iguanas (D:5)
  2 orc wizards (D:4)
  3 gnolls (D:5)
  4 adders
  A shadow imp (D:5)
  2 white imps
  A worm (D:2)
  4 dart slugs
  10 orcs
  13 ball pythons
  10 endoplasms
  2 giant cockroaches
  8 goblins
  5 hobgoblins
  2 jackals (D:2)
  3 quokkas
  6 bats
  4 frilled lizards
  8 kobolds
  5 rats
102 creatures vanquished.

Vanquished Creatures (others)
  14 plants (D:3)
14 creatures vanquished.

Grand Total: 116 creatures vanquished

Notes
Turn   | Place    | Note
-------+----------+-------------------------------------------
     0 | D:1      | Icepheonix32 the Minotaur Fighter began the quest for the
                  | Orb.
     0 | D:1      | Reached XP level 1. HP: 19/19 MP: 0/0
   283 | D:1      | Reached XP level 2. HP: 18/27 MP: 1/1
   715 | D:1      | Found a faded altar of an unknown god.
   852 | D:1      | Reached XP level 3. HP: 34/34 MP: 2/2
  1882 | D:2      | Found a glowing golden altar of the Shining One.
  1891 | D:2      | Reached XP level 4. HP: 39/41 MP: 3/3
  2623 | D:3      | You fall into a shaft and drop 2 floors!
  2623 | D:5      | Entered Level 5 of the Dungeon
  2712 | D:5      | Reached skill level 5 in Fighting
  2712 | D:5      | Reached XP level 5. HP: 24/48 MP: 4/4
  2898 | D:4      | Noticed a black bear
  2915 | D:4      | Killed a black bear
  2916 | D:4      | Reached skill level 1 in Dodging
  3211 | D:4      | Reached skill level 5 in Armour
  3211 | D:4      | Reached XP level 6. HP: 25/56 MP: 5/5
  3901 | D:4      | Found a glowing silver altar of Zin.
  3925 | D:4      | Found a shadowy altar of Dithmenos.
  4760 | D:5      | Reached skill level 5 in Axes
  4921 | D:5      | Reached XP level 7. HP: 38/63 MP: 6/6
  4935 | D:5      | HP: 3/64 [orc priest/divine providence (10)]
  4936 | D:5      | Killed from afar by an orc priest

Illustrated notes

Levels and vault maps discovered:
D:1:      minmay_arrival_open_corners, layout_rooms,
          hellmonk_ecumenical_altar_crossroads, serial_co_window_serial,
          co_window_paths_b, co_window_paths_b, co_window_paths_a,
          co_window_paths_b, co_window_cross_1, co_window_cross_1,
          co_window_corner_a, co_window_corner_a, co_window_paths_b,
          co_window_unsneaky_path_e, co_window_broadway_a, co_window_2corner,
          co_window_broadway_c, co_window_corner_b, glass_columns_a,
          glass_columns_b, glass_columns_c, minivault_4
D:2:      layout_basic, basic_altar, chequers_serial_rivers_micro_a
D:3:      layout_basic, nicolae_grassy_gnolls, uniq_crazy_yiuf_cottage
D:4:      layout_layer_cave, mainiacjoe_overflow_two_lobes
D:5:      minmay_razor_zed, layout_basic

Skill      XL: |  1  2  3  4  5  6  7 |
---------------+----------------------+-----
Fighting       | 4 5 6 |  6.5
Armour         | 4 5 |  5.7
Shields        | 4 |  4.5
Axes           | 3 4 5 6 |  6.3
Dodging        | 1 |  1.4
Stealth        | |  0.2

Action                   |  1- 3 |  4- 6 |  7- 9 || total
-------------------------+-------+-------+-------++-------
Melee: War axe           |   101 |   148 |    14 ||   263
       Headbutt          |     9 |    25 |     4 ||    38
  Use: Scroll            |     1 |       |       ||     1
       Potion            |       |       |     1 ||     1
Armor: Scale mail        |    59 |    92 |     3 ||   154
Dodge: Dodged            |    56 |    64 |     6 ||   126
       Repelled          |       |     1 |       ||     1
Block: Buckler           |    24 |    31 |     3 ||    58
